 Dungeon Crawl Stone Soup version 0.17.1-1-g73c8601 (webtiles) character file.

56 Goblin1989 the Insei (level 3, 0/19 HPs)
             Began as a Vine Stalker Monk on Jan 5, 2016.
             Slain by Natasha (1 damage)
             ... on level 3 of the Dungeon.
             The game lasted 00:02:08 (1260 turns).

Goblin1989 the Insei (Vine Stalker Monk)            Turns: 1260, Time: 00:02:08

Health: 0/19       AC:  2    Str: 16    XL:     3   Next: 95%
Magic:  0/4        EV:  8    Int: 10    God:
Gold:   99         SH:  0    Dex: 16    Spells: 0 memorised, 2 levels left

rFire  . . .     SeeInvis .       - Unarmed
rCold  . . .     Clarity  .     a - +0 robe
rNeg   . . .     SustAt   +     (no shield)
rPois  .         Gourm    .     (no helmet)
rElec  .         Spirit   +     (no cloak)
rCorr  .         Warding  .     (no gloves)
rMut   .         Stasis   .     (no boots)
MR     .....                    (no amulet)
Stlth  ++........               q - ring of sustain attributes
                                c - +2 ring of strength

@: slowed, very slow, not resistant to hostile enchantments, unstealthy
A: fangs 2, regeneration 1, magic shield, antimagic bite, no device heal 3, rot
immunity
a: no special abilities


You were on level 3 of the Dungeon.
You were very hungry.

You visited 1 branch of the dungeon, and saw 3 of its levels.

You collected 99 gold pieces.

Inventory:

Missiles
 i - 3 javelins (quivered)
Armour
 a - a +0 robe (worn)
Jewellery
 c - a +2 ring of strength (left hand)
 q - a ring of sustain attributes (right hand)
 r - an uncursed ring of positive energy {unknown}
Scrolls
 d - 2 scrolls of immolation {unknown}
 g - 3 scrolls of teleportation {unknown}
 h - 4 scrolls of remove curse {unknown}
 j - 4 scrolls of noise {unknown}
 m - 2 scrolls of identify {unknown}
 n - a scroll of enchant armour {unknown}
 u - a scroll of magic mapping {unknown}
Potions
 e - a potion of beneficial mutation {unknown}
 l - 2 potions of might {unknown}
 o - a potion of degeneration {unknown}
 p - a potion of resistance {unknown}
 s - a potion of cure mutation {unknown}
 t - a potion of heal wounds {unknown}
Comestibles
 b - 3 bread rations
 f - a meat ration
 k - a beef jerky


   Skills:
 - Level 2.6 Fighting
 - Level 2.4 Dodging
 - Level 2.4 Stealth
 * Level 5.4 Unarmed Combat


You had 2 spell levels left.
You didn't know any spells.

Dungeon Overview and Level Annotations

Branches:
Dungeon (3/15)

Altars:
Yredelemnul

Annotations:
D:3 Natasha


Innate Abilities, Weirdness & Mutations

You have extremely sharp teeth.
Your natural rate of healing is unusually fast.
When hurt, damage is shared between your health and your magic reserves.
Your bite disrupts and absorbs the magic of your enemies.
Potions and wands cannot restore your health.
You are immune to rotting.


Message History

You are too injured to fight recklessly!
You are too injured to fight recklessly!
You are too injured to fight recklessly!
You are too injured to fight recklessly!
You are too injured to fight recklessly!
You are too injured to fight recklessly!
You are too injured to fight recklessly!
You are too injured to fight recklessly!
You are too injured to fight recklessly!
You are too injured to fight recklessly!
You are too injured to fight recklessly!
You are too injured to fight recklessly!
You are too injured to fight recklessly!
The kobold closely misses you.
An orc comes into view. It is wielding a whip.
Natasha barely misses you. The kobold hits you with a club.
* * * LOW HITPOINT WARNING * * *
There is a stone staircase leading up here.
Natasha claws you.
You die...

#.# #.## #..#
#..# #..#
##..##.#.#
#S.o.o....
######hK#.#$###
#....?@.# #
#.P.P...#
#.._...##
#..P.P..#
#.......#
#.#.#.#.#
#.....#.#
.....#.#


You could see Natasha, an adder, an orc (wandering) and a kobold.

Vanquished Creatures
  2 adders (D:2)
  4 giant geckos
  2 giant cockroaches (D:1)
  5 hobgoblins
  7 kobolds
  9 bats
  4 giant newts
  2 goblins
  2 rats (D:1)
37 creatures vanquished.

Notes
Turn   | Place    | Note
--------------------------------------------------------------
     0 | D:1      | Goblin1989 the Vine Stalker Monk began the quest for the Orb.
     0 | D:1      | Reached XP level 1. HP: 11/11 MP: 2/2
   255 | D:1      | Reached XP level 2. HP: 16/16 MP: 3/3
   841 | D:2      | Reached skill level 5 in Unarmed Combat
   841 | D:2      | Reached XP level 3. HP: 17/19 MP: 4/4
  1252 | D:3      | Found a basalt altar of Yredelemnul.
  1252 | D:3      | Noticed Natasha
  1260 | D:3      | Slain by Natasha

Action                   || total
-------------------------++-------
Melee: Unarmed           ||    86
 Stab: Sleeping          ||     7
